 Dungeon Crawl Stone Soup version 0.30-a0-930-gb9d0489357 (webtiles) character file.

Game seed: 867412943338863521

310 voltaire321 the Charlatan (level 6, -1/47 HPs)
             Began as a Human Artificer on Mar 24, 2023.
             Slain by Edmund
             ... wielding a +6 heavy dire flail
              (24 damage)
             ... on level 4 of the Dungeon.
             The game lasted 00:07:42 (3656 turns).

voltaire321 the Charlatan (Human Artificer)         Turns: 3656, Time: 00:07:42

Health: -1/47      AC:  4    Str: 13    XL:     6   Next: 70%
Magic:  6/6        EV: 12    Int: 11    God:
Gold:   143        SH:  0    Dex: 15    Spells: 5/5 levels left

rFire   . . .      SeeInvis .    t - +3 whip (flame)
rCold   + . .      Faith    .    (no shield)
rNeg    . . .      Spirit   .    b - +0 leather armour
rPois   .          Reflect  .    (no helmet)
rElec   .          Rampage  .    (no cloak)
rCorr   .                        (no gloves)
Will    .....                    y - +0 pair of boots
Stlth   ++                       (no amulet)
HPRegen 0.27/turn                i - ring of protection from cold
MPRegen 0.10/turn                (no ring)

@: no status effects
A: no striking features
a: no special abilities


You were on level 4 of the Dungeon.
You visited 1 branch of the dungeon, and saw 4 of its levels.

You collected 220 gold pieces.
You spent 77 gold pieces at shops.

Inventory:

Hand Weapons
 a - a +0 club
 g - a +0 short sword
 t - a +3 whip of flaming (weapon)
 v - a +0 long sword
Armour
 b - a +0 leather armour (worn)
 y - a +0 pair of boots (worn)
Jewellery
 i - a ring of protection from cold (left hand)
 p - a ring of flight
Wands
 c - a wand of flame (2) (quivered)
 d - a wand of charming (15)
 e - a wand of iceblast (5)
Scrolls
 h - 2 scrolls of identify
 j - a scroll of silence {unknown}
 n - a scroll of vulnerability {unknown}
 o - 2 scrolls of teleportation {unknown}
 q - 2 scrolls of fog {unknown}
 r - 2 scrolls of amnesia {unknown}
 w - 2 scrolls of brand weapon {unknown}
Potions
 f - 5 potions of heal wounds
 k - 2 potions of mutation {unknown}
 l - 5 potions of curing
 m - a potion of haste {unknown}
 s - a potion of brilliance {unknown}
 u - 3 potions of might
 x - 2 potions of berserk rage {unknown}
 z - a potion of invisibility {unknown}


   Skills:
 + Level 3.1 Fighting
 + Level 3.5 Armour
 + Level 3.0 Dodging
 - Level 1.4 Stealth
 + Level 4.3 Evocations


You had 5 spell levels left.
You didn't know any spells.
Your spell library was empty.

Dungeon Overview and Level Annotations

Branches:
Dungeon (4/15)
 Temple: D:4-7

Altars:
Trog

Shops:
D:4 !

Annotations:
D:4 Edmund, Grinder


Message History

The endoplasm quivers.
You hit the endoplasm. You burn the endoplasm.
The endoplasm is almost dead.
The endoplasm closely misses you.
You barely miss the endoplasm.
The endoplasm is almost dead.
The endoplasm freezes you.
You are frozen.
You resist.
You hit the endoplasm. You burn the endoplasm.
You kill the endoplasm!
You open the door.
There is an open door here.
There is a stone staircase leading down here.
You open the door.
There is an open door here.
You open the door.
There is an open door here.
Found 2 stones.
There is an open door here.
There is an open door here.
Things that are here:
a +0 trident; a +0 scale mail; an orc corpse
There is an open door here.
Things that are here:
a +0 short sword; a +0 dagger Grinder comes into view.
Found a bloodstained altar of Trog.
Edmund the Younger comes into view.
He is wielding a +6 heavy dire flail and carrying a wand of quicksilver (11).
Edmund shouts!
Grinder shouts!
An orc comes into view. It is wielding a +0 club.
Edmund attacks as you move away!
Edmund hits you with a +6 heavy dire flail!!
Ouch! That really hurt!
As you read the scroll labelled IGEGUIGUFY, it crumbles to dust.
It is a scroll of identify.
f - 5 potions of heal wounds Edmund hits you with a +6 heavy dire flail!!
Ouch! That really hurt!
You die...

#...# .....
#...#.5.....#..
#...#.......#..
#......._.....
#..5# ....#
#...# ....#
#.5.# ...
#...####.####.#
#...@@........#
#...####..#####
#........##
#...###### #...#
#########..#
#♣###
#####.......#..#
#...##
....#.......#..#
#♣∩♣..#
....#.......#..#
#.....#


You could see Edmund and Grinder.

Vanquished Creatures
  Sigmund (D:2)
  A hound (D:4)
  A gnoll (D:1)
  3 adders
  A worm (D:2)
  3 dart slugs
  3 orcs (D:4)
  6 ball pythons
  5 bats
  4 endoplasms
  3 giant cockroaches
  8 goblins
  4 hobgoblins
  6 kobolds
  3 quokkas
  5 frilled lizards
  7 rats
64 creatures vanquished.

Notes
Turn   | Place    | Note
-------+----------+-------------------------------------------
     0 | D:1      | voltaire321 the Human Artificer began the quest for the
                  | Orb.
     0 | D:1      | Reached XP level 1. HP: 15/15 MP: 1/1
    12 | D:1      | Found a faded altar of an unknown god.
    30 | D:1      | Reached XP level 2. HP: 5/21 MP: 2/2
   498 | D:1      | Reached XP level 3. HP: 24/26 MP: 3/3
  1415 | D:2      | Noticed Sigmund
  1513 | D:2      | Killed Sigmund
  1514 | D:2      | Reached skill level 4 in Evocations
  1514 | D:2      | Reached XP level 4. HP: 32/34 MP: 4/4
  1514 | D:2      | Reached XP level 5. HP: 38/40 MP: 5/5
  1514 | D:2      | Reached XP level 6. HP: 44/46 MP: 6/6
  3528 | D:4      | Found Guor's Distillery.
  3533 | D:4      | Bought a potion of curing for 33 gold pieces
  3533 | D:4      | Bought a potion of might for 44 gold pieces
  3643 | D:4      | Found a bloodstained altar of Trog.
  3643 | D:4      | Noticed Grinder
  3649 | D:4      | Noticed Edmund
  3656 | D:4      | Slain by Edmund

Illustrated notes

Levels and vault maps discovered:
D:1:      amcnicky_arrival_feature_with_door, layout_loops_corners,
          ebering_ecumenical_altar_rust
D:2:      minmay_skewed_foursquare, layout_basic, uniq_sigmund
D:3:      layout_basic, serial_co_window_serial, co_window_of_opportunity_a,
          co_window_paths_a, co_window_paths_a, co_window_paths_a,
          co_window_corner_a, co_window_corner_a, co_window_paths_a,
          co_window_broadway_b, co_window_of_opportunity_c, co_window_corner_ca,
          co_window_of_opportunity_c, co_window_paths_d, co_window_paths_e,
          glass_columns_a, glass_columns_a, glass_columns_a, glass_columns_a,
          roderic_serpentine_path
D:4:      layout_gridville, old_standard_altar, serial_shops,
          nicolae_shop_trees, uniq_ijyb, uniq_edmund, uniq_grinder

Skill      XL: |  1  2  3  4  5  6 |
---------------+-------------------+-----
Fighting       | 2 3 |  3.1
Armour         | 3 |  3.5
Dodging        | 2 3 |  3.0
Evocations     | 4 |  4.3
Stealth        | |  1.4

Action                     |  1- 3 |  4- 6 || total
---------------------------+-------+-------++-------
  Melee: Club              |     7 |       ||     7
         Punch             |     2 |     2 ||     4
         Short sword       |   119 |    86 ||   205
         Whip              |       |    76 ||    76
  Evoke: Wand              |    13 |       ||    13
    Use: Scroll            |       |     1 ||     1
   Stab: Sleeping          |     3 |     2 ||     5
 Armour: Leather armour    |    39 |    31 ||    70
  Dodge: Dodged            |    82 |    81 ||   163

Table legend: (Time is in decaauts)
 A = Elapsed time spent in this place.
 B = Non-inter-level travel time spent in this place.
 C = Inter-level travel time spent in this place.
 D = Time resting spent in this place.
 E = Time spent auto-exploring this place.
 F = Levels seen in this place.
 G = Mean time per level.
                   A        B        C        D        E       F      G
               +--------+--------+--------+--------+--------+-----+--------+
         Total |   3664 |   3393 |    271 |    156 |   2305 |   4 |  916.0 |
       Dungeon |   3664 |   3393 |    271 |    156 |   2305 |   4 |  916.0 |
               +--------+--------+--------+--------+--------+-----+--------+

Top non-repeatable levels by time:
     D:3: 1220 daAuts
     D:1: 1111 daAuts
     D:2: 1033 daAuts
     D:4: 299 daAuts
